 Dungeon Crawl Stone Soup version 0.28-a0-178-ga708605c5b (webtiles) character file.

Game seed: 8137091400442932415

114 Ezendos the Skirmisher (level 4, 0/49 (53) HPs)
             Began as an Ogre Brigand on Aug 17, 2021.
             Was a Believer of Jiyva.
             Slain by a water moccasin (2 damage)
             ... on level 4 of the Dungeon.
             The game lasted 00:05:47 (3933 turns).

Ezendos the Skirmisher (Ogre Brigand)               Turns: 3933, Time: 00:05:47

HP:   0/49 (53)     AC:  4    Str: 14    XL:     4   Next: 97%
MP:   4/4           EV:  9    Int: 13    God:    Jiyva [**....]
Gold: 148           SH:  0    Dex: 15    Spells: 3/3 levels left

rFire   . . .      SeeInvis .   a - +2 dagger (drain)
rCold   . . .      Faith    .   (no shield)
rNeg    . . .      Spirit   .   b - +0 robe
rPois   .          Reflect  .   (helmet restricted)
rElec   .          Harm     .   c - +0 cloak
rCorr   +          Rampage  .   (gloves unavailable)
Will    .....                   (boots unavailable)
Stlth   ++........              (no amulet)
HPRegen 0.16/turn               f - ring of resist corrosion
MPRegen 0.09/turn               (no ring)

@: lethally poisoned (0 -> -21), drained
A: large, unfitting armour, tough skin 1, talons 1, agile 2, evolution 1
a: Renounce Religion, Request Jelly


You were on level 4 of the Dungeon.
You worshipped Jiyva.
Jiyva was pleased with you.
You visited 1 branch of the dungeon, and saw 5 of its levels.

You collected 148 gold pieces.

Inventory:

Hand Weapons
 a - a +2 dagger of draining (weapon)
Missiles
 i - 18 stones (quivered)
Armour
 b - a +0 robe (worn)
 c - a +0 cloak (worn)
Jewellery
 f - a ring of resist corrosion (left hand)
Potions
 j - a potion of curing {unknown}


   Skills:
 + Level 6.5 Fighting
 - Level 1.7 Short Blades
 - Level 2.0 Throwing
 - Level 1.0 Dodging
 - Level 3.0 Stealth


You had 3 spell levels left.
You didn't know any spells.
Your spell library was empty.

Dungeon Overview and Level Annotations

Branches:
Dungeon (5/15)
 Temple: D:4-7

Altars:
Elyvilon
Jiyva

Annotations:
D:5 Duvessa


Innate Abilities, Weirdness & Mutations

You are too large for most types of armour.
You have tough skin. (AC +1)
You have sharp toenails.
You are very agile. (Dex +4)
You evolve.


Message History

The water moccasin barely misses you. The water moccasin bites you.
You climb upwards.
There is a stone staircase leading down here.
You barely miss the water moccasin. The water moccasin bites you.
You are poisoned.
The water moccasin poisons you!
Okay, then.
Okay, then.
As you read the scroll labelled WIFUEW HERGHO, it crumbles to dust.
You hear a loud clanging noise!
It was a scroll of noise.
You feel sick.
The water moccasin bites you but does no damage.
As you read the scroll labelled QEANUTOPRU, it crumbles to dust.
It is a scroll of brand weapon.
Your +2 dagger craves living souls!
a - a +2 dagger of draining (weapon)
You feel sick. The water moccasin closely misses you.
The water moccasin bites you.
You are more poisoned.
The water moccasin poisons you!
You hit the water moccasin. You drain the water moccasin.
The water moccasin is moderately wounded.
You feel very sick. The water moccasin bites you.
It was a potion of mutation.
You feel extremely strange.
Your toenails lengthen and sharpen.
You feel agile.
You feel nature experimenting on you.
Don't worry, failures die fast.
You feel agile.
You feel very sick. The water moccasin bites you.
* * * LOW HITPOINT WARNING * * *
You are more poisoned.
The water moccasin poisons you!
It was a potion of magic.
Magic courses through your body.
* * * LOW HITPOINT WARNING * * *
You feel very sick. The water moccasin bites you.
* * * LOW HITPOINT WARNING * * *
The water moccasin bites you.
You die...

##...#......######
#.................
#..#J...#.....####
#####..#....#.#.#.#
#########.............#.#.#
#..........##....##.#...#.#
#.................†.#.###.####
#...........#S#######.###.....
#...........#@................
#...........#######.#.###..J..
#...........# #.#.# #.....
#########.#.# #.#^###.....
#.#.# #.#...#..... #.#.#
#.#.#.#..... ###.#.#
#####.###.#..... #...#.#
#.........#.####
#.###.###.##.####.#.#


You could see a water moccasin (drained) and a neutral jelly (wandering) (fellow
slime).

Vanquished Creatures
  Eustachio (D:4)
  5 adders
  An ufetubus (D:4)
  An adder skeleton (D:4)
  2 worms
  2 dart slugs
  4 ball pythons
  2 bats
  An endoplasm (D:1)
  A giant cockroach (D:4)
  3 goblins
  7 hobgoblins
  4 jackals (D:2)
  3 quokkas
  2 frilled lizards (D:1)
  5 kobolds
  7 rats
51 creatures vanquished.

Vanquished Creatures (others)
  3 jellies
  An adder (D:3)
  2 orcs (D:4)
  An endoplasm (D:3)
  3 goblins
  2 hobgoblins
  A quokka (D:2)
  4 ball pythons
  4 bats
  3 kobolds
  2 rats (D:1)
26 creatures vanquished.

Grand Total: 77 creatures vanquished

Notes
Turn   | Place    | Note
-------+----------+-------------------------------------------
     0 | D:1      | Ezendos the Ogre Brigand began the quest for the Orb.
     0 | D:1      | Reached XP level 1. HP: 22/22 MP: 1/1
    24 | D:1      | Reached skill level 1 in Dodging
    88 | D:1      | Found a faded altar of an unknown god.
    92 | D:1      | Reached skill level 3 in Fighting
   114 | D:1      | Became a worshipper of Jiyva Joupt the Shapeless
   114 | D:1      | Reached * piety under Jiyva
   157 | D:1      | Reached XP level 2. HP: 28/31 MP: 2/2
   659 | D:1      | Reached skill level 4 in Fighting
   944 | D:2      | Reached XP level 3. HP: 35/40 MP: 3/3
  1303 | D:2      | Reached skill level 5 in Fighting
  1727 | D:3      | Reached ** piety under Jiyva
  1911 | D:3      | Reached XP level 4. HP: 43/50 MP: 4/4
  2906 | D:4      | Reached skill level 6 in Fighting
  3295 | D:4      | Found a white marble altar of Elyvilon.
  3295 | D:4      | Noticed Eustachio
  3443 | D:4      | Noticed a necrophage
  3444 | D:4      | Killed Eustachio
  3764 | D:5      | Entered Level 5 of the Dungeon
  3764 | D:5      | Noticed Duvessa
  3808 | D:5      | Noticed a centaur
  3920 | D:5      | Noticed a water moccasin
  3932 | D:4      | Gained mutation: You have sharp toenails. [potion of
                  | mutation]
  3932 | D:4      | Gained mutation: You are agile. (Dex +2) [potion of
                  | mutation]
  3932 | D:4      | Gained mutation: You evolve. [potion of mutation]
  3932 | D:4      | Gained mutation: You are very agile. (Dex +4) [potion of
                  | mutation]
  3933 | D:4      | HP: 2/49 [water moccasin (5)]
  3933 | D:4      | Slain by a water moccasin

Illustrated notes

Levels and vault maps discovered:
D:1:      co_arrival_square_in_a_square_in_a_square, layout_loops_cross,
          hellmonk_ecumenical_altar_heavens_door, minmay_hexomino_u4
D:2:      layout_rooms, solitary_fountain, corexii_corridor_pit
D:3:      kennysheep_big_flooded_room, layout_loops_cross
D:4:      layout_basic, elyvilon_altar_3, uniq_eustachio
D:5:      layout_rooms, serial_undead, serial_undead_b, serial_undead_c,
          serial_undead_a, serial_undead_b, uniq_duvessa

Skill      XL: |  1  2  3  4 |
---------------+-------------+-----
Dodging        | 1 |  1.0
Stealth        | 3 |  3.0
Fighting       | 3 4 5 6 |  6.5
Short Blades   | |  1.7
Throwing       | |  2.0

Action                   |  1- 3 |  4- 6 || total
-------------------------+-------+-------++-------
Melee: Dagger            |   112 |    95 ||   207
Throw: Dart              |     5 |    11 ||    16
Invok: Request Jelly     |     1 |     1 ||     2
  Use: Scroll            |       |     2 ||     2
       Potion            |       |     2 ||     2
 Stab: Sleeping          |     3 |     1 ||     4
Armor: Robe              |    32 |    21 ||    53
Dodge: Dodged            |    40 |    45 ||    85

Table legend: (Time is in decaauts)
 A = Elapsed time spent in this place.
 B = Non-inter-level travel time spent in this place.
 C = Inter-level travel time spent in this place.
 D = Time resting spent in this place.
 E = Time spent auto-exploring this place.
 F = Levels seen in this place.
 G = Mean time per level.
                   A        B        C        D        E       F      G
               +--------+--------+--------+--------+--------+-----+--------+
         Total |   3930 |   3777 |    153 |    522 |   2540 |   5 |  786.0 |
       Dungeon |   3930 |   3777 |    153 |    522 |   2540 |   5 |  786.0 |
               +--------+--------+--------+--------+--------+-----+--------+

Top non-repeatable levels by time:
     D:3: 1346 daAuts
     D:4: 1064 daAuts
     D:1: 883 daAuts
     D:2: 619 daAuts
     D:5: 16 daAuts
